 Dungeon Crawl Stone Soup version 0.26-a0-1086-g9010512d90 (webtiles) character file.

Game seed: 4839707002119089653

898 streetpizza the Conjurer (level 8, -7/48 HPs)
             Began as a Kobold Conjurer on Dec 14, 2020.
             Mangled by a tengu warrior
             ... wielding a +0 war axe
              (17 damage)
             ... on level 4 of the Dungeon.
             The game lasted 00:21:39 (7338 turns).

streetpizza the Conjurer (Kobold Conjurer)          Turns: 7338, Time: 00:21:40

Health: -7/48      AC:  2    Str:  5    XL:     8   Next: 28%
Magic:  8/14       EV: 17    Int: 21    God:
Gold:   279        SH:  0    Dex: 13    Spells: 12/15 levels left

rFire    . . .     SeeInvis .   b - +0 mace
rCold    . . .     Faith    .   (shield restricted)
rNeg     . . .     Spirit   .   a - +0 robe
rPois    .         Reflect  .   (no helmet)
rElec    .         Harm     .   (no cloak)
rCorr    .         Rampage  .   (no gloves)
Will     .....                  (no boots)
Stlth    +++.......             f - amulet of magic regeneration
HPRegen  0.16/turn              (no ring)
MPRegen  0.39/turn              (no ring)

@: no status effects
A: small, nightstalker 3
a: no special abilities


You were on level 4 of the Dungeon.
You visited 1 branch of the dungeon, and saw 4 of its levels.
You also visited: Ossuary.

You collected 279 gold pieces.

Inventory:

Hand Weapons
 b - a +0 mace (weapon)
Armour
 a - a +0 robe (worn)
Jewellery
 f - an amulet of magic regeneration (around neck)
 m - an uncursed amulet of faith
 x - an uncursed ring of protection from fire {unknown}
Scrolls
 c - 13 scrolls of identify {unknown}
 e - 2 scrolls of immolation {unknown}
 g - 2 scrolls of fog {unknown}
 k - a scroll of noise {unknown}
 l - 5 scrolls of teleportation {unknown}
 n - a scroll of remove curse {unknown}
 p - 2 scrolls of fear {unknown}
 r - a scroll of amnesia {unknown}
 s - 2 scrolls of magic mapping {unknown}
 w - a scroll of enchant armour {unknown}
Potions
 d - a potion of attraction {unknown}
 h - a potion of might {unknown}
 i - 3 potions of mutation {unknown}
 j - 2 potions of degeneration {unknown}
 o - a potion of curing {unknown}
 q - a potion of lignification {unknown}
 t - a potion of resistance {unknown}
 u - 2 potions of heal wounds {unknown}
 v - a potion of flight {unknown}


   Skills:
 + Level 4.1 Fighting
 + Level 5.2 Dodging
 - Level 2.6 Stealth
 + Level 4.4 Spellcasting
 * Level 6.9 Conjurations


You had 12 spell levels left.
You knew the following spells:

 Your Spells              Type           Power        Failure   Level
a - Magic Dart            Conj           ####         1%          1
b - Searing Ray           Conj           ####..       1%          2

Your spell library contained the following spells:

 Spells                   Type           Power        Failure   Level
 Dazzling Flash           Conj/Hex       ###...       9%          3
 Fulminant Prism          Conj/Hex       ###.......   26%         4
 Iskenderun's Mystic Bla  Conj/Tloc      ###.....     26%         4
 Confusing Touch          Hex            #.......     34%         3
 Gell's Gravitas          Tloc           #.........   34%         3
 Petrify                  Tmut/Erth      #.......     75%         4
 Metabolic Englaciation   Hex/Ice        #.........   97%         5
 Yara's Violent Unravell  Hex/Tmut       #.........   97%         5


Dungeon Overview and Level Annotations

Branches:
Dungeon (4/15)            Ossuary (visited)
 Temple: D:4-7

Altars:
Dithmenos
Kikubaaqudgha
Ru

Shops:
D:4 *

Annotations:
D:4 1 transporter


Innate Abilities, Weirdness & Mutations

You are small and have problems with some larger weapons.
You are completely attuned to the shadows.


Message History

The tengu warrior misses you. The tengu warrior claws you.
The searing ray hits the tengu warrior.
The tengu warrior is moderately wounded.
You finish channeling your searing ray.
Casting: Searing Ray (safe; 1% risk of failure)
Confirm with . or Enter, or press ? or * to list all spells.
Aiming: Searing Ray (safe; 1% risk of failure)
Press: ? - help, Shift-Dir - straight line, f/p - tengu warrior
Aim: a tengu warrior, wielding a +0 war axe, wearing a +0 ring mail and wearing a +0 buckler (moderately wounded, 34% to evade)
The searing ray hits the tengu warrior.
The tengu warrior is moderately wounded. (Press . to maintain the ray.)
The tengu warrior hits you with a +0 war axe.
The tengu warrior misses you. The tengu warrior claws you.
The orc priest hits you with a +0 falchion.
* * * LOW HITPOINT WARNING * * *
The searing ray hits the tengu warrior!
The tengu warrior is heavily wounded.
The tengu warrior hits you with a +0 war axe!
You die...

...##.............# #...##.#
.......#..........### #.#.##(#
...###.#............###.#.##.#
##.##.....#########..##......#
#.......##...©...##.##...####
####....#8.......8#.##...#
#..#.#$!.......#.#....#
#....#.(.......#...#.##
#...©#_$...Q@..#©..#.#
##...#$[...o...#..##.# ##
#...#$$.......#.....# .#
#...#8.......8#.#####
.#####.#.##.......##.#
.......#..#########..#
...###..))).........##
...###...)...########
.....##.######


You could see a tengu warrior and an orc priest.

Vanquished Creatures
  An ice beast (D:3)
  An ogre (D:4)
  2 scorpions (D:4)
  2 hounds (D:4)
  2 centaur zombies (Ossuary)
  2 orc wizards
  2 orc priests
  A human zombie (Ossuary)
  3 ogre zombies (Ossuary)
  8 mummies
  6 adders
  2 adder zombies (Ossuary)
  2 dart slugs
  3 leopard geckos
  16 orcs
  8 bats
  A bat zombie (D:2)
  9 giant cockroaches
  2 gnoll zombies (Ossuary)
  9 goblins
  10 hobgoblins
  8 jackals
  5 quokkas
  A ball python (D:2)
  6 frilled lizards
  9 goblin zombies (Ossuary)
  3 hobgoblin zombies
  4 kobolds
  3 kobold zombies
  4 quokka zombies (Ossuary)
  7 rats
  4 rat zombies
146 creatures vanquished.

Notes
Turn   | Place    | Note
-------+----------+-------------------------------------------
     0 | D:1      | streetpizza the Kobold Conjurer began the quest for the
                  | Orb.
     0 | D:1      | Reached XP level 1. HP: 10/10 MP: 3/3
   183 | D:1      | Reached XP level 2. HP: 16/16 MP: 5/5
   186 | D:1      | Learned a level 2 spell: Searing Ray
   420 | D:1      | Reached XP level 3. HP: 17/20 MP: 6/6
   468 | D:1      | Reached skill level 1 in Fighting
  1536 | D:2      | Reached XP level 4. HP: 10/25 MP: 7/7
  2530 | D:2      | Found an ancient bone altar of Kikubaaqudgha.
  2958 | D:3      | Reached XP level 5. HP: 27/30 MP: 3/9
  3017 | D:3      | Reached skill level 5 in Conjurations
  3027 | D:3      | Noticed an ice beast
  3035 | D:3      | HP: 1/30 [ice beast (8)]
  3044 | D:3      | Killed an ice beast
  3045 | D:3      | Reached XP level 6. HP: 2/36 MP: 1/10
  4778 | D:4      | Found a transporter.
  5020 | D:4      | Reached XP level 7. HP: 12/41 MP: 7/12
  5123 | D:4      | Found a sand-covered staircase.
  5183 | Ossuary  | Entered an ossuary
  5455 | Ossuary  | Reached skill level 6 in Conjurations
  6727 | D:4      | Reached skill level 5 in Dodging
  6727 | D:4      | Reached XP level 8. HP: 48/48 MP: 9/14
  6765 | D:4      | Found Moudgh's General Store.
  6921 | D:4      | Found a shadowy altar of Dithmenos.
  7145 | D:4      | Found a transporter.
  7214 | D:4      | Found a sacrificial altar of Ru.
  7216 | D:4      | Noticed a tengu warrior
  7338 | D:4      | Mangled by a tengu warrior

Illustrated notes

Levels and vault maps discovered:
D:1:      shiori_arrival_elements, layout_rooms, minmay_pentomino_q2
D:2:      minmay_razor_zed, layout_loops_ring, lemuel_zombie_altar_kikubaaqudgha
D:3:      layout_basic, serial_aquarium, aquarium_bridge_square
          [aquarium_subvault_bridge, aquarium_subvault_balcony,
          aquarium_subvault_wall, aquarium_subvault_window],
          aquarium_bridge_long_separate [aquarium_subvault_window,
          aquarium_subvault_bridge, aquarium_subvault_bridge,
          aquarium_subvault_wall, aquarium_subvault_bridge,
          aquarium_subvault_window], aquarium_window_corridor_3,
          aquarium_window_1, aquarium_window_2, aquarium_view_2b,
          aquarium_pool_S
D:4:      layout_loops_cross, nicolae_dithmenos_through_a_glass_darkly,
          gammafunk_temple_overflow_arena, serial_shops, shop_coins,
          nicolae_ossuary_entry_giza, grunt_ministairs_11

Skill      XL: |  1  2  3  4  5  6  7  8 |
---------------+-------------------------+-----
Fighting       | 1 2 3 4 |  4.1
Dodging        | 3 4 5 |  5.2
Conjurations   | 5 6 |  6.9
Spellcasting   | 3 4 |  4.4
Stealth        | |  2.6

Action                   |  1- 3 |  4- 6 |  7- 9 || total
-------------------------+-------+-------+-------++-------
Melee: Unarmed           |     3 |       |       ||     3
       Mace              |    59 |   143 |    66 ||   268
 Cast: Magic Dart        |    31 |     1 |       ||    32
       Searing Ray       |     4 |    26 |    35 ||    65
 Stab: Sleeping          |     7 |     9 |    12 ||    28
       Distracted        |     1 |     2 |       ||     3
Armor: Robe              |    11 |    23 |     3 ||    37
Dodge: Dodged            |    74 |   187 |    76 ||   337

Table legend: (Time is in decaauts)
 A = Elapsed time spent in this place.
 B = Non-inter-level travel time spent in this place.
 C = Inter-level travel time spent in this place.
 D = Time resting spent in this place.
 E = Time spent auto-exploring this place.
 F = Levels seen in this place.
 G = Mean time per level.
                   A        B        C        D        E       F      G
               +--------+--------+--------+--------+--------+-----+--------+
         Total |   7445 |   7243 |    202 |    128 |   5802 |   5 | 1489.0 |
       Dungeon |   6031 |   5829 |    202 |     79 |   4645 |   4 | 1507.8 |
       Ossuary |   1413 |   1413 |      0 |     49 |   1157 |   1 | 1413.0 |
               +--------+--------+--------+--------+--------+-----+--------+

Top non-repeatable levels by time:
     D:3: 2061 daAuts
     D:2: 1902 daAuts
 Ossuary: 1413 daAuts
     D:4: 1154 daAuts
     D:1: 913 daAuts
